 Dungeon Crawl Stone Soup version 0.30-a0-845-g7c6808c8ce (webtiles) character file.

Game seed: 5843992682900953319

123564 demibob the Shatterer (level 16, -11/261 HPs)
             Began as a Troll Berserker on Mar 2, 2023.
             Was a High Priest of Trog.
             Mangled by a hornet (13 damage)
             ... created by a shambling mangrove
             ... while paralysed by a hornet
             ... on level 1 of the Swamp.
             The game lasted 00:52:06 (23606 turns).

demibob the Shatterer (Troll Berserker)            Turns: 23606, Time: 00:52:07

Health: -11/261    AC:  7    Str: 31    XL:     16   Next: 37%
Magic:  15/15      EV:  1    Int:  7    God:    Trog [*****.]
Gold:   559        SH:  0    Dex: 17    Spells: 15/15 levels left

rFire   + + +      SeeInvis .    N - +5 dire flail (flame)
rCold   + + .      Faith    +    (shield currently unavailable)
rNeg    + . .      Spirit   .    b - +1 animal skin
rPois   +          Reflect  .    J - +2 hat {Will+}
rElec   .          Rampage  .    s - scarf {repulsion}
rCorr   .          Harm     + .  (gloves unavailable)
Will    +++..                    (boots unavailable) Stlth
                                 Q - amulet "Maill" {Faith Harm rPois Str+2 Stlth+}
HPRegen 1.43/turn                B - ring "Omun" {Drain rF++ Will+ Dex+6 Stlth+}
MPRegen 0.14/turn                r - ring of Hoili {rF+ rC++ rN+ EV+5 Stlth-}

@: paralysed, berserking, lethally poisoned (-11 -> -31), slowed, repel missiles
A: large, unfitting armour, claws 3, regeneration 1, shaggy fur 1, tough skin 1
a: Renounce Religion, Berserk, Trog's Hand, Brothers in Arms


You were on level 1 of the Swamp.
You worshipped Trog.
Trog was extremely pleased with you.
You visited 5 branches of the dungeon, and saw 27 of its levels.
You also visited: Bailey.

You collected 2364 gold pieces.
You spent 1805 gold pieces at shops.


Innate Abilities, Weirdness & Mutations

You are too large for most types of armour.
You have claws for hands.
Your natural rate of healing is unusually fast.
You are covered in fur. (AC +1)
You have tough skin. (AC +1)


   Skills:
 + Level 14.4 Fighting
 - Level 22.0 Maces & Flails
 + Level 1.1 Throwing
 - Level 2.4 Dodging
 - Level 3.6 Evocations


You had 15 spell levels left.
You didn't know any spells.
Your spell library was empty.

Inventory:

Hand Weapons
 a - a +4 heavy giant spiked club
 e - a +2 mace of protection
 F - a +3 antimagic great mace
 N - a +5 dire flail of flaming (weapon)
Missiles
 q - 4 throwing nets {=f}
 H - 13 large rocks (quivered) {=f}
Armour
 b - a +1 animal skin (worn)
 j - a +0 cloak
 s - a scarf of repulsion (worn)
 J - a +2 hat of willpower (worn)
Jewellery
 m - an amulet of reflection
 o - an amulet of regeneration
 r - the ring of Hoili (right claw) {rF+ rC++ rN+ EV+5 Stlth-}
   (You bought it in a shop on level 2 of the Orcish Mines)

   [ring of evasion]

   EV:        It affects your evasion (+5).
   rF:        It protects you from fire.
   rC:        It greatly protects you from cold.
   rN:        It protects you from negative energy.
   Stlth:     It makes you less stealthy.
 t - an amulet of magic regeneration
 v - a ring of see invisible
 y - the amulet of Elemental Vulnerability {rPois rF-- rC-- AC+8}
   (You found it on level 5 of the Dungeon)

   [amulet of nothing]

   AC:        It affects your AC (+8).
   rF:        It makes you very vulnerable to fire.
   rC:        It makes you very vulnerable to cold.
   rPois:     It protects you from poison.
 B - the ring "Omun" (left claw) {Drain rF++ Will+ Dex+6 Stlth+}
   (You acquired it in a bailey)

   [ring of dexterity]

   Dex:       It affects your dexterity (+6).
   rF:        It greatly protects you from fire.
   Drain:     It drains your maximum health when unequipped.
   Will:      It increases your willpower.
   Stlth:     It makes you more stealthy.
 D - a +6 ring of dexterity
 E - the amulet of Seep {Rampage +Blink rElec Regen+ Dex-2}
   (You bought it in a shop on level 2 of the Orcish Mines)

   [amulet of regeneration]

   Dex:       It affects your dexterity (-2).
   rElec:     It insulates you from electricity.
   +Blink:    It lets you blink.
   Regen:     It increases your rate of health regeneration.
   Rampage:   It bestows one free step when moving towards enemies.
 P - a ring of poison resistance
 Q - the amulet "Maill" (around neck) {Faith Harm rPois Str+2 Stlth+}
   (You found it on level 15 of the Dungeon)

   [amulet of faith]

   It allows you to gain divine favour quickly.
   Str:       It affects your strength (+2).
   rPois:     It protects you from poison.
   Harm:      It increases damage dealt and taken.
   Stlth:     It makes you more stealthy.
 R - a ring of resist corrosion
 S - the ring "Norar" {rN++ Str-5 Dex+2 Slay+4}
   (You found it on level 1 of the Spider Nest)

   [ring of slaying]

   Str:       It affects your strength (-5).
   Dex:       It affects your dexterity (+2).
   Slay:      It affects your accuracy & damage with ranged weapons and melee
   (+4).
   rN:        It greatly protects you from negative energy.
 T - a +4 ring of protection
 Y - a +4 ring of slaying
Wands
 k - a wand of flame (49)
 p - a wand of polymorph (5)
 u - a wand of paralysis (2)
 G - a wand of digging (5)
 K - a wand of roots (7)
 U - a wand of mindburst (8)
Scrolls
 g - 2 scrolls of magic mapping
 i - 7 scrolls of enchant armour
 x - 6 scrolls of teleportation {@r2}
 z - 5 scrolls of fog
 A - 2 scrolls of enchant weapon
 O - 10 scrolls of identify {@r1}
Potions
 c - 9 potions of haste {@q3}
 d - 2 potions of magic
 f - 4 potions of attraction
 h - 5 potions of resistance
 l - 4 potions of curing {@q1}
 n - 7 potions of flight
 w - 4 potions of cancellation
 C - a potion of berserk rage {unknown}
 I - a potion of mutation
 L - 2 potions of invisibility
 M - 3 potions of ambrosia
 V - 5 potions of lignification

Dungeon Overview and Level Annotations

Branches:
Dungeon (15/15)            Temple (0/1) D:7            Lair (5/5) D:10
  Swamp (1/4) Lair:3       Spider (4/4) Lair:3        Slime (0/5) Lair:4
    Orc (2/2) D:12            Elf (0/3) Orc:2        Depths (0/4) D:15
 Bailey (visited)
 Vaults: D:13-14

Altars:
Ashenzari
Okawaru
Qazlal
Ru
Sif Muna
Trog
Uskayaw
Wu Jian
Xom
Yredelemnul
The Shining One

Shops:
D:4 *   D:8 [   D:9 *   Orc:2 =![=!

Portals:
Trove: D:13 (give +4 fire dragon scales)

Annotations:
D:14 1 runed translucent door, Cicylist's ghost, journeyman FoFi

♣♣ ♣. ♣♣♣ ♣♣♣♣.
♣♣♣..♣
♣....♣♣♣♣.♣.♣.♣♣
♣...yf♣♣.......♣
♣y@y.....♣
♣.♣.♣..♣♣♣
♣♣♣♣♣..♣
♣♣♣♣...♣♣♣♣♣♣
♣♣~♣.~.......~
♣~~~..~.♣....
~...~♣....♣
♣..~~.~....♣♣
..~~~...~§♣
♣♣.♣....♣.♣♣
§.~~~~....♣
♣♣♣♣♣.~.♣♣


You could see a thorn hunter and 3 hornets.


Message History

The hornet stings you!
* * * LOW HITPOINT WARNING * * *
You feel as though you will be slow longer.
You feel very sick. The hornet stings you.
* * * LOW HITPOINT WARNING * * *
The hornet stings you!
* * * LOW HITPOINT WARNING * * *
The hornet stings you.
* * * LOW HITPOINT WARNING * * *
You are more poisoned.
You feel as though you will be slow longer.
The thorn hunter hits you.
* * * LOW HITPOINT WARNING * * *
The thorn hunter hits you.
* * * LOW HITPOINT WARNING * * *
The hornet stings you!
* * * LOW HITPOINT WARNING * * *
The hornet stings you.
* * * LOW HITPOINT WARNING * * *
The hornet stings you.
* * * LOW HITPOINT WARNING * * *
You are more poisoned.
The thorn hunter fires a volley of thorns at you.
The volley of thorns hits you!!
* * * LOW HITPOINT WARNING * * *
* * * LOW HITPOINT WARNING * * *
You feel extremely sick. The hornet stings you!
You die...

Skill      XL: |  1  2  3  4  5  6  7  8  9 10 11 12 13 14 15 16 |
---------------+-------------------------------------------------+-----
Maces & Flails | 3 4 5 6 7 9 11 13 15 17 19 20 21 22 | 22.0
Fighting       | 6 9 11 13 14 | 14.4
Evocations     | 1 3 |  3.6
Throwing       | 1 |  1.1
Dodging        | |  2.4

Action                     |  1- 3 |  4- 6 |  7- 9 | 10-12 | 13-15 | 16-18 || total
---------------------------+-------+-------+-------+-------+-------+-------++-------
  Melee: Mace              |   141 |   135 |   346 |       |       |       ||   622
         Unarmed           |       |     3 |       |       |       |       ||     3
         Punch             |       |       |     2 |       |       |       ||     2
         Dire flail        |       |       |     8 |   845 |   622 |   163 ||  1638
         Giant spiked club |       |       |       |       |   499 |       ||   499
  Throw: Large rock        |       |       |       |       |     4 |       ||     4
 Invoke: Berserk           |       |     2 |     7 |     8 |     6 |     3 ||    26
         Trog's Hand       |       |     1 |       |       |     4 |     1 ||     6
         Brothers in Arms  |       |       |       |       |     4 |     2 ||     6
  Evoke: Wand              |       |       |       |    24 |     4 |     4 ||    32
    Use: Scroll            |     6 |     5 |     6 |    15 |    11 |     3 ||    46
         Potion            |       |       |     1 |     6 |     9 |     4 ||    20
   Stab: Sleeping          |       |     1 |       |     5 |     3 |     1 ||    10
         Invisible         |       |       |     1 |       |       |       ||     1
         Distracted        |       |       |       |     3 |     2 |     1 ||     6
 Armour: Animal skin       |    85 |    65 |   140 |   231 |   367 |    33 ||   921
  Dodge: Dodged            |   135 |    89 |   141 |   312 |   712 |    98 ||  1487
         Repelled          |       |     2 |     1 |       |     4 |       ||     7

Levels and vault maps discovered:
D:1:      lightli_arrival_noodles, layout_rooms,
          shapermc_ecumenical_altar_ellora, minmay_tree_intersection
D:2:      layout_loops_ring, minmay_goblin_kobold_house, uniq_jessica
D:3:      layout_basic, minitemple, mrwooster_statue_mirror
D:4:      layout_rooms, lemuel_round_altar, lemuel_blue_sif_altar,
          eino_small_chamber_without_monster, nicolae_shop_overcharged_wands,
          uniq_grinder, uniq_duvessa, uniq_natasha
D:5:      layout_rooms, uniq_menkaure
D:6:      layout_loops_ring, minmay_bent, uniq_blork_the_orc, uniq_maggie,
          uniq_sigmund, uniq_eustachio
D:7:      layout_rooms, nicolae_uskayaw_dance_studio,
          minmay_temple_entry_statues_fountains
D:8:      layout_loops_cross, hellmonk_scale_shop
D:9:      layout_roguey, nicolae_ru_sacrificial_ziggurat, serial_shops, shop,
          hex_tiny
D:10:     layout_basic, grunt_lair_entry_orc_guard_hut, enter_bailey_4
D:11:     layout_gridville, kennysheep_generic_room_12, uniq_gastronok
D:12:     layout_roguey, orc_0_dummy, portal_ice_cave_entry_imps, uniq_jorgrun
D:13:     layout_irregular_city, grunt_vaults_entry_fortified, enter_trove_0
D:14:     layout_stronghold, gammafunk_ghost_grave, okawaru_ov_weapons_minmay
D:15:     gammafunk_depths_entry_grave, layout_small_grid, chequers_big_river,
          chequers_serial_rivers_micro_a
Lair:1:   layout_cave_pods, beast_lair_carwin_10
Lair:2:   layout_cave_pods, pond, grunt_megastairs_2
Lair:3:   layout_loops_ring, minmay_swamp_entry_swarm, spider_nest_entry_a,
          lemuel_old_faithful, infiniplex_staircase_pool_2
Lair:4:   layout_regular_city, minmay_slime_entry_pillars
Lair:5:   minmay_lair_end_enchanted_forest, layout_loops_ring, st_stairs_7,
          grunt_megastairs_4
Swamp:1:  nicolae_swamp_wrong_neighborhood, layout_falls_marsh,
          evilmike_swamp_ruin_house_5, uniq_kirke
Spider:1: layout_cave_pods, uniq_louise
Spider:2: layout_chambers
Spider:3: layout_spider_delve
Spider:4: guppyfry_spider_rune, hangedman_spider_tarantella_strand, uniq_mara
Orc:1:    layout_diamond_mine
Orc:2:    st_orc_pillars, layout_caves, serial_shops, nicolae_lakefront_shop

Notes
Turn   | Place    | Note
-------+----------+-------------------------------------------
     0 | D:1      | demibob the Troll Berserker began the quest for the Orb.
     0 | D:1      | Reached XP level 1. HP: 22/22 MP: 0/0
    29 | D:1      | Reached skill level 3 in Maces & Flails
    38 | D:1      | Reached XP level 2. HP: 25/29 MP: 1/1
   134 | D:1      | Found a faded altar of an unknown god.
   354 | D:1      | Reached ** piety under Trog
   482 | D:2      | Reached XP level 3. HP: 36/36 MP: 2/2
   531 | D:2      | Reached skill level 4 in Maces & Flails
   813 | D:2      | Reached XP level 4. HP: 44/44 MP: 3/3
   839 | D:2      | Noticed Jessica
   867 | D:2      | Killed Jessica
   907 | D:2      | Reached skill level 5 in Maces & Flails
  1325 | D:3      | Reached XP level 5. HP: 49/50 MP: 4/4
  1451 | D:3      | Found a basalt altar of Yredelemnul.
  1452 | D:3      | Found an ornate altar of the Wu Jian Council.
  1452 | D:3      | Found a glowing golden altar of the Shining One.
  1452 | D:3      | Found a shimmering altar of Xom.
  1456 | D:3      | Found a bloodstained altar of Trog.
  1457 | D:3      | Found a broken altar of Ashenzari.
  1566 | D:4      | Found Wodoeth's Overcharged Wands.
  1584 | D:4      | Noticed Grinder
  1602 | D:4      | Paralysed by Grinder for 4 turns
  1645 | D:4      | Paralysed by Grinder for 3 turns
  1650 | D:4      | Killed Grinder
  1651 | D:4      | Reached skill level 6 in Maces & Flails
  1651 | D:4      | Reached XP level 6. HP: 59/59 MP: 5/5
  1707 | D:4      | Found a stormy altar of Qazlal.
  1783 | D:4      | Reached *** piety under Trog
  1800 | D:4      | Noticed Duvessa
  1813 | D:4      | Killed Duvessa
  1814 | D:4      | Reached skill level 7 in Maces & Flails
  1820 | D:4      | Identified a +2 robe of the Archmagi
  1820 | D:4      | Noticed Dowan
  1831 | D:4      | Killed Dowan
  1832 | D:4      | Reached XP level 7. HP: 66/66 MP: 6/6
  2082 | D:4      | Noticed Natasha
  2091 | D:4      | Killed Natasha
  2122 | D:4      | Found a shimmering blue altar of Sif Muna.
  2160 | D:5      | Entered Level 5 of the Dungeon
  2160 | D:5      | Noticed Menkaure
  2165 | D:5      | Killed Menkaure
  2166 | D:5      | Reached skill level 8 in Maces & Flails
  2353 | D:5      | Reached skill level 9 in Maces & Flails
  2353 | D:5      | Reached XP level 8. HP: 59/74 MP: 7/7
  2523 | D:5      | Found the amulet of Elemental Vulnerability {rPois rF--
                  | rC-- AC+8}
  2845 | D:6      | Noticed Blork the orc
  2852 | D:6      | Killed Blork the orc
  2853 | D:6      | Reached skill level 10 in Maces & Flails
  3001 | D:6      | Reached **** piety under Trog
  3064 | D:6      | Noticed Maggie
  3093 | D:6      | Killed Maggie
  3094 | D:6      | Reached skill level 11 in Maces & Flails
  3094 | D:6      | Reached XP level 9. HP: 52/80 MP: 8/8
  3142 | D:6      | Noticed a two-headed ogre
  3160 | D:6      | Killed a two-headed ogre
  3161 | D:6      | Reached skill level 12 in Maces & Flails
  3364 | D:6      | Noticed Sigmund
  3392 | D:6      | Killed Sigmund
  3428 | D:6      | Noticed Eustachio
  3437 | D:6      | Reached skill level 13 in Maces & Flails
  3460 | D:6      | Killed Eustachio
  3725 | D:7      | Found a staircase to the Ecumenical Temple.
  3892 | D:7      | Reached XP level 10. HP: 88/88 MP: 9/9
  4096 | D:7      | Found a hide-covered altar of Uskayaw.
  4242 | D:7      | Identified 3 potions of resistance
  4450 | D:8      | Reached skill level 14 in Maces & Flails
  4860 | D:8      | Found Umah's Superior Scales.
  5001 | D:8      | Reached ***** piety under Trog
  5083 | D:9      | Found Niguu's General Store.
  5116 | D:9      | Bought a scroll of identify for 24 gold pieces
  5116 | D:9      | Bought a scroll of fear for 48 gold pieces
  5298 | D:9      | Found a sacrificial altar of Ru.
  5443 | D:9      | Reached skill level 15 in Maces & Flails
  5847 | D:10     | Entered Level 10 of the Dungeon
  5901 | D:10     | Found a flagged portal.
  5905 | D:10     | Received a gift from Trog
  5913 | Bailey   | Entered a bailey
  5946 | Bailey   | Reached XP level 11. HP: 64/94 MP: 10/10
  6029 | Bailey   | Noticed Prince Ribbit
  6032 | Bailey   | Noticed a vault guard
  6036 | Bailey   | Killed Prince Ribbit
  6050 | Bailey   | Killed a vault guard
  6096 | Bailey   | Noticed a vault guard
  6108 | Bailey   | Killed a vault guard
  6109 | Bailey   | Reached skill level 16 in Maces & Flails
  6179 | Bailey   | Identified a scroll of acquirement
  6180 | Bailey   | Acquired the ring "Omun" {Drain rF++ Will+ Dex+6 Stlth+}
  6242 | D:10     | Noticed a two-headed ogre
  6250 | D:10     | Killed a two-headed ogre
  6964 | D:10     | Found a staircase to the Lair.
  6989 | Lair:1   | Entered Level 1 of the Lair of Beasts
  7055 | Lair:1   | Reached skill level 17 in Maces & Flails
  7825 | Lair:1   | Reached XP level 12. HP: 48/104 MP: 11/11
  8215 | Lair:2   | Reached skill level 18 in Maces & Flails
  9065 | Lair:3   | Identified the +7 long sword of Nogu {freeze, rElec Will++
                  | Str+2 Int+3}
  9228 | Lair:3   | Reached skill level 3 in Fighting
  9233 | Lair:3   | Noticed a six-headed hydra
  9251 | Lair:3   | Killed a six-headed hydra
  9333 | Lair:3   | Found a staircase to the Swamp.
  9363 | Lair:3   | Found a hole to the Spider Nest.
  9381 | Lair:3   | Identified the +3 great mace of the Vine {heavy, Dex+2}
                  | (Trog gifted it to you on level 3 of the Lair of Beasts)
  9381 | Lair:3   | Received a gift from Trog
  9433 | Lair:3   | Reached skill level 4 in Fighting
  9537 | Lair:3   | Noticed a six-headed hydra
  9549 | Lair:3   | Killed a six-headed hydra
 10125 | Lair:4   | Reached skill level 5 in Fighting
 10135 | Lair:4   | You fall into a shaft and drop 1 floor!
 10135 | Lair:5   | Entered Level 5 of the Lair of Beasts
 10433 | Lair:4   | Found a staircase to the Slime Pits.
 10529 | Lair:4   | Reached skill level 19 in Maces & Flails
 10539 | Lair:4   | Noticed a five-headed hydra
 10545 | Lair:4   | Killed a five-headed hydra
 10881 | Lair:5   | Noticed a death yak
 10881 | Lair:5   | Noticed a death yak
 10883 | Lair:5   | Noticed a death yak
 10883 | Lair:5   | Noticed a death yak
 11079 | D:11     | Noticed a two-headed ogre
 11084 | D:11     | Killed a two-headed ogre
 11167 | D:11     | Reached skill level 6 in Fighting
 11194 | D:11     | Reached XP level 13. HP: 120/120 MP: 12/12
 11274 | D:11     | Noticed Gastronok
 11289 | D:11     | Killed Gastronok
 12042 | Lair:5   | Reached skill level 7 in Fighting
 12496 | Lair:5   | Reached skill level 8 in Fighting
 12779 | Lair:5   | Reached skill level 20 in Maces & Flails
 12787 | Lair:5   | Paralysed by a hornet for 1 turns
 13570 | D:12     | Reached skill level 9 in Fighting
 13667 | D:12     | Reached XP level 14. HP: 140/140 MP: 13/13
 13781 | D:12     | Noticed Jorgrun
 13794 | D:12     | Killed Jorgrun
 13794 | D:12     | Reached ****** piety under Trog
 13969 | D:12     | Found a staircase to the Orcish Mines.
 14127 | Orc:1    | Entered Level 1 of the Orcish Mines
 14201 | Orc:2    | Entered Level 2 of the Orcish Mines
 14259 | Orc:2    | Received a gift from Trog
 14649 | Orc:2    | Found a staircase to the Elven Halls.
 14881 | Orc:2    | Reached skill level 10 in Fighting
 14893 | Orc:2    | HP: 9/143 [ice devil[an orc high priest] (18)]
 14893 | Orc:2    | HP: 3/143 [hellwing[an orc high priest] (6)]
 14958 | Orc:2    | Found Manyweg's Jewellery Shoppe.
 15150 | Orc:2    | Found Yrrewyin's Distillery.
 15153 | Orc:2    | Found Ruov's Armour Shoppe.
 15154 | Orc:2    | Found Jufahez's Distillery.
 15155 | Orc:2    | Found Nases's Jewellery Emporium.
 15177 | Orc:2    | Bought the ring of Hoili {rF+ rC++ rN+ EV+5 Stlth-} for
                  | 1265 gold pieces
 15372 | Orc:1    | Received a gift from Trog
 15454 | Orc:1    | You fall into a shaft and drop 1 floor!
 15812 | Orc:2    | Bought the amulet of Seep {Rampage +Blink rElec Regen+
                  | Dex-2} for 468 gold pieces
 15988 | D:13     | Found a portal to a secret trove of treasure.
 16198 | D:13     | Reached skill level 21 in Maces & Flails
 16409 | D:14     | Reached skill level 11 in Fighting
 16462 | D:14     | Found an iron altar of Okawaru.
 17030 | D:14     | Found a runed translucent door.
 17031 | D:14     | Noticed Cicylist's ghost (journeyman FoFi)
 17085 | D:14     | Reached XP level 15. HP: 64/154 MP: 14/14
 17745 | D:15     | Entered Level 15 of the Dungeon
 17753 | D:15     | Received a gift from Trog
 17941 | D:15     | Identified the amulet "Maill" {Faith Harm rPois Str+2
                  | Stlth+}
 18141 | D:15     | Reached skill level 12 in Fighting
 18267 | D:15     | Found a staircase to the Depths.
 18324 | D:15     | Identified the +6 rapier of Nujouh {flame, Will+ Str+3}
 18456 | D:15     | Identified the ring "Xujoeq" {MP+9 Int+4}
 18705 | D:15     | Upgraded the game from 0.30-a0-840-ga523dec638 to
                  | 0.30-a0-845-g7c6808c8ce
 18893 | Spider:1 | Entered Level 1 of the Spider Nest
 19041 | Spider:1 | Noticed Louise
 19062 | Spider:1 | Killed Louise
 19153 | Spider:1 | Identified the ring "Norar" {rN++ Str-5 Dex+2 Slay+4}
 20174 | Spider:2 | Reached skill level 22 in Maces & Flails
 20369 | Spider:2 | Received a gift from Trog
 20377 | Spider:2 | Reached skill level 13 in Fighting
 20597 | Spider:2 | HP: 11/161 [boulder beetle (18)]
 21175 | Spider:2 | Noticed an emperor scorpion
 21184 | Spider:2 | Killed an emperor scorpion
 21185 | Spider:2 | Reached skill level 1 in Evocations
 21436 | Spider:2 | Reached XP level 16. HP: 114/170 MP: 15/15
 21878 | Spider:2 | Reached skill level 2 in Evocations
 22125 | Spider:3 | HP: 9/171 [wolf spider (18)]
 22511 | Spider:3 | Reached skill level 3 in Evocations
 22514 | Spider:3 | Received a gift from Trog
 22704 | Spider:3 | Reached skill level 14 in Fighting
 22704 | Spider:3 | HP: 15/172 [wolf spider (8)]
 23301 | Spider:4 | Entered Level 4 of the Spider Nest
 23499 | Swamp:1  | Entered Level 1 of the Swamp
 23599 | Swamp:1  | Noticed a thorn hunter
 23601 | Swamp:1  | Reached skill level 1 in Throwing
 23603 | Swamp:1  | Paralysed by a hornet for 3 turns
 23605 | Swamp:1  | HP: 12/261 [thorn hunter/volley of thorns (26)]
 23606 | Swamp:1  | HP: 2/261 [poisoned by a hornet]
 23606 | Swamp:1  | Mangled by a hornet

Vanquished Creatures
  Jorgrun (D:12)
  Gastronok (D:11)
  An emperor scorpion (Spider:2)
  Louise (Spider:1)
  An eleionoma (Swamp:1)
  2 spark wasps
  An ettin (Orc:1)
  An entropy weaver (Spider:2)
  A shambling mangrove (Swamp:1)
  2 vault guards (Bailey)
  5 hydras
  An ogre mage (Orc:1)
  A jorogumo (Spider:1)
  5 centaur warriors
  A catoblepas (D:13)
  6 two-headed ogres
  A boulder beetle (Spider:2)
  7 death yaks (Lair:5)
  5 orc high priests (Orc:2)
  A skyshark (Lair:4)
  5 skeletal warriors
  4 pharaoh ants
  A flayed ghost (D:15)
  6 steelbarb worms
  5 orb spiders
  A necromancer (D:15)
  An iron dragon zombie (D:15)
  4 orc knights
  A tengu zombie (D:15)
  3 deep elf pyromancers
  23 ugly things
  5 manticores
  16 wolf spiders
  A stone giant skeleton (D:15)
  3 cyclopes
  A guardian serpent (shapeshifter) (D:15)
  6 demonic crawlers
  7 elephants
  4 torpor snails
  3 black mambas
  A moth of wrath (Spider:2)
  6 cane toads
  2 gargoyles
  Maggie (D:6)
  2 unseen horrors (D:13)
  9 komodo dragons
  A guardian mummy (D:15)
  2 tengu conjurers (D:14)
  5 trolls
  A tyrant leech (Swamp:1)
  8 tarantellas
  4 hornets (Lair:5)
  2 polar bears (Lair:5)
  12 meliai
  Prince Ribbit (Bailey)
  4 blink frogs (Lair:5)
  A dream sheep (Lair:5)
  Grinder (D:4)
  Sigmund (D:6)
  14 culicivoras
  11 spriggans (Lair:5)
  7 slime creatures
  A centaur simulacrum (D:14)
  Eustachio (D:6)
  20 jumping spiders
  4 wyverns
  2 water elementals (D:15)
  3 vampires
  2 shadows
  3 wraiths
  3 humans (Bailey)
  32 yaks
  7 basilisks
  3 steam dragons
  15 redbacks
  A swamp worm (Swamp:1)
  Menkaure (D:5)
  2 acid dragons (D:11)
  14 vampire mosquitoes
  A warg (Orc:2)
  A glowing shapeshifter zombie (D:15)
  11 water moccasins
  Duvessa (D:4)
  30 orc warriors
  A sky beast (D:7)
  12 black bears
  An ice beast (D:6)
  5 ogres
  30 wolves
  5 boggarts (Lair:5)
  9 centaurs
  A kobold brigand (D:7)
  Blork the orc (D:6)
  A necrophage (D:5)
  17 bullfrogs
  A scorpion (D:10)
  8 wights
  Dowan (D:4)
  4 killer bees (D:7)
  4 jellies
  23 orc priests
  3 hounds
  3 gnoll boudas
  Jessica (D:2)
  4 iguanas
  19 orc wizards
  Natasha (D:4)
  5 hell rats (Lair:5)
  30 gnolls
  9 adders
  2 shadow imps (D:6)
  16 white imps
  2 ufetubi
  2 worms
  A dart slug (D:2)
  89 orcs
  6 ball pythons
  3 endoplasms
  8 giant cockroaches
  12 hobgoblins
  4 jackals (D:4)
  7 quokkas
  6 bats
  4 frilled lizards
  10 goblins
  16 kobolds
  5 rats
791 creatures vanquished.

Vanquished Creatures (collateral kills)
  A boulder beetle (D:14)
  An orc high priest (Orc:2)
  A pharaoh ant (Spider:3)
  4 wolf spiders (Spider:3)
  3 elephants (Lair:5)
  A polar bear (Lair:5)
  3 tarantellas (Spider:3)
  A spriggan (Lair:5)
  2 orc warriors (Orc:2)
  A wolf (Lair:5)
  An orc (Orc:2)
19 creatures vanquished.

Vanquished Creatures (others)
  22 fungi
  18 plants
  4 withered plants
44 creatures vanquished.

Grand Total: 854 creatures vanquished

Table legend: (Time is in decaauts)
 A = Elapsed time spent in this place.
 B = Non-inter-level travel time spent in this place.
 C = Inter-level travel time spent in this place.
 D = Time resting spent in this place.
 E = Time spent auto-exploring this place.
 F = Levels seen in this place.
 G = Mean time per level.
                   A        B        C        D        E       F      G
               +--------+--------+--------+--------+--------+-----+--------+
         Total |  23299 |  21631 |   1668 |   2059 |  14699 |  28 |  832.1 |
       Dungeon |  11331 |  10616 |    715 |    621 |   7510 |  15 |  755.4 |
          Lair |   5366 |   4848 |    518 |    303 |   3531 |   5 | 1073.2 |
         Swamp |     96 |     96 |      0 |      0 |     62 |   1 |   96.0 |
   Spider Nest |   4525 |   4266 |    259 |    865 |   2702 |   4 | 1131.2 |
  Orcish Mines |   1722 |   1547 |    175 |    237 |    770 |   2 |  861.0 |
        Bailey |    257 |    257 |      0 |     32 |    124 |   1 |  257.0 |
               +--------+--------+--------+--------+--------+-----+--------+

Top non-repeatable levels by time:
Spider:2: 1839 daAuts
    D:14: 1441 daAuts
Spider:3: 1372 daAuts
Spider:1: 1311 daAuts
  Lair:5: 1261 daAuts
  Lair:1: 1135 daAuts
  Lair:2: 1086 daAuts
   Orc:2: 1030 daAuts
  Lair:3: 989 daAuts
    D:15: 944 daAuts
    D:10: 926 daAuts
     D:6: 918 daAuts
  Lair:4: 893 daAuts
    D:11: 888 daAuts
    D:12: 752 daAuts

Table legend:
 A = Non-vault XP
 B = Vault XP
 C = Vault XP percentage of total XP
 D = Non-vault monster count
 E = Vault monster count
 F = Vault count percentage of total count
                 A         B        C        D         E       F
            +---------+---------+-------+---------+---------+-------
      Total |  127965 |   48556 |  27.5 |     565 |     245 |  30.2
            +---------+---------+-------+---------+---------+-------
        D:1 |      39 |       0 |   0.0 |      24 |       0 |   0.0
        D:2 |      80 |      47 |  37.0 |      23 |       6 |  20.7
        D:3 |      35 |       0 |   0.0 |      16 |       0 |   0.0
        D:4 |     202 |     495 |  71.0 |      21 |       4 |  16.0
        D:5 |     772 |     169 |  18.0 |      20 |       1 |   4.8
        D:6 |    2266 |    1269 |  35.9 |      30 |      13 |  30.2
        D:7 |     559 |     115 |  17.1 |      10 |       7 |  41.2
        D:8 |    1449 |     194 |  11.8 |      27 |       1 |   3.6
        D:9 |    2790 |       0 |   0.0 |      35 |       0 |   0.0
       D:10 |    1656 |     847 |  33.8 |       7 |      11 |  61.1
       D:11 |    2925 |    1711 |  36.9 |       8 |       2 |  20.0
       D:12 |    5433 |    2008 |  27.0 |      20 |      13 |  39.4
       D:13 |    7355 |     424 |   5.5 |      17 |       1 |   5.6
       D:14 |   15984 |       0 |   0.0 |      33 |       0 |   0.0
       D:15 |   10150 |    4412 |  30.3 |      20 |       8 |  28.6
     Lair:1 |    4689 |    1000 |  17.6 |      15 |       8 |  34.8
     Lair:2 |     834 |    2503 |  75.0 |       4 |      15 |  78.9
     Lair:3 |    4625 |    1378 |  23.0 |      17 |       7 |  29.2
     Lair:4 |    3552 |     829 |  18.9 |      10 |       5 |  33.3
     Lair:5 |    5756 |   15567 |  73.0 |      20 |      64 |  76.2
    Swamp:1 |     467 |    1928 |  80.5 |       2 |       2 |  50.0
   Spider:1 |    8192 |    1232 |  13.1 |      21 |       1 |   4.5
   Spider:2 |   22218 |       0 |   0.0 |      56 |       0 |   0.0
   Spider:3 |   17892 |       0 |   0.0 |      42 |       0 |   0.0
      Orc:1 |    5361 |     703 |  11.6 |      34 |       6 |  15.0
      Orc:2 |    2684 |    8390 |  75.8 |      33 |      53 |  61.6
     Bailey |       0 |    3335 | 100.0 |       0 |      17 | 100.0
            +---------+---------+-------+---------+---------+-------
